 Dungeon Sprint DCSS version 0.17-a0-1920-gafa4d75 (webtiles) character file.

13513 Kidiri the Unseen (level 11, -1/47 HPs)
             Began as a Spriggan Enchanter on Sept 27, 2015.
             Was the Champion of Dithmenos.
             Slain by an anaconda (3 damage)
             ... in the Dungeon (Sprint III: "The Ten Rune Challenge").
             The game lasted 00:13:29 (2481 turns).

Kidiri the Unseen (Spriggan Enchanter)              Turns: 2481, Time: 00:13:29

Health: -1/47      AC:  4    Str:  4    XL:     11   Next: 76%
Magic:  21/30      EV: 34    Int: 18    God:    Dithmenos [******]
Gold:   46         SH:  0    Dex: 21    Spells: 8 memorised, 18 levels left

rFire  . . .     SeeInvis +     a - +1 dagger
rCold  . . .     Clarity  .     b - +1 robe
rNeg   . . .     SustAt   .     (shield restricted)
rPois  .         Gourm    .     (helmet restricted)
rElec  .         Spirit   .     (no cloak)
rCorr  .         Warding  .     (gloves unavailable)
rMut   .         NoTele   +     (boots unavailable)
MR     +....                    (no amulet)
Stlth  ++++++++++               (no ring)
                                (no ring)

@: wreathed by umbra, constricted, very quick, somewhat resistant to hostile
enchantments, uncannily stealthy
A: unfitting armour, repulsion field 1, icy blue scales 1, see invisible, agile
1, deterioration 1, herbivore 3, speed 3, slow metabolism 2
a: Shadow Step, Shadow Form, Renounce Religion


You were in the Dungeon.
You worshipped Dithmenos.
Dithmenos was exalted by your worship.
You were full.

You visited 1 branch You collected 46 gold pieces.

Inventory:

Hand weapons
 a - a +1 dagger (weapon)
Armour
 b - a +1 robe (worn)
Scrolls
 m - a scroll of identify
 p - a scroll of holy word
 q - 2 scrolls of remove curse
Potions
 c - a potion of berserk rage
 e - 2 potions of might
 f - a potion of cancellation {unknown}
 g - a potion of haste
 h - a potion of magic
 n - 3 potions of cure mutation
 o - 3 potions of flight
Comestibles
 i - 28 royal jellies
 r - 9 fruits


   Skills:
 * Level 13.3 Short Blades
 * Level 17.0 Dodging
 * Level 18.3 Stealth
 * Level 14.6 Spellcasting
 + Level 6.5 Conjurations
 + Level 11.2 Hexes
 + Level 10.9 Translocations
 + Level 7.3 Ice Magic
 - Level 2.3 Invocations


You had 18 spell levels left.
You knew the following spells:

 Your Spells              Type           Power        Failure   Level  Hunger
a - Corona                Hex            ######.      1%          1    None
b - Ensorcelled Hibernat  Hex/Ice        #####.       1%          2    None
c - Confuse               Hex            ######..     1%          3    None
d - Tukima's Dance        Hex            ######..     1%          3    None
e - Dazzling Spray        Conj/Hex       #####...     1%          3    None
f - Slow                  Hex            ######..     1%          2    None
g - Gell's Gravitas       Hex/Tloc       ######....   1%          3    None
h - Cause Fear            Hex            ######....   1%          4    None


Dungeon Overview and Level Annotations

Branches:
Dungeon (1/1)

Altars:
Cheibriados
Dithmenos
Elyvilon
Fedhas
Gozag
Kikubaaqudgha
Makhleb
Nemelex Xobeh
Okawaru
Qazlal
Ru
Sif Muna
Trog
Vehumet
Xom
Yredelemnul
Zin
The Shining One
Jiyva
Lugonu


Innate Abilities, Weirdness & Mutations

You are tiny and cannot use many weapons and most armour.
You have supernaturally acute eyesight.
You are a herbivore.
You cover ground extremely quickly.
You need consume almost no food.
You are surrounded by a mild repulsion field (EV +2).
You are partially covered in icy blue scales (AC +1).
You are agile. (Dex +2)
Your body sometimes deteriorates upon taking damage.


Message History

The anaconda completely misses you. The anaconda barely misses you.
The anaconda bites you!
You emit a cloud of dark smoke.
The black mamba bites you! The adder barely misses you.
Unknown command.
You see here 2 chunks of flesh.
The anaconda grabs you. The anaconda bites you!
* * * LOW HITPOINT WARNING * * *
x2 The anaconda constricts you.
Unknown command.
Drink which item? (? for menu, Esc to quit)
Okay, then.
Read which item? (? for menu, Esc to quit)
Okay, then.
Read which item? (? for menu, Esc to quit)
Blink to where?
Press: ? - help, Dir - move target cursor, p - anaconda Your attempt to break free from the anaconda fails, but you feel that another attempt might succeed.
As you read the scroll of blinking, it crumbles to dust.
The anaconda bites you but does no damage.
You die...

♣..#.##...#≈≈......§§#
♣♣.##.##.)#≈..+#######
♣♣.##.#####...#....))#
♣%....##......#♣♣♣._)#
########'#############
#.....%.....##
#............#
###########..#
##...S@......#
#.§§.S......##
#.§##########
#§§§§......
##§§S...... ##########


You could see an anaconda and a black mamba.

Vanquished Creatures
  Maud (D)
  Josephine (D)
  2 hydras (D)
  A centaur warrior (D)
  An anaconda (D)
  A death drake (D)
  A lindwurm (D)
  A spriggan druid (D)
  2 unseen horrors (D)
  2 spiny frogs (D)
  4 black mambas (D)
  A komodo dragon (D)
  3 wandering mushrooms (D)
  A queen bee (D)
  A shadow (D)
  3 redbacks (D)
  2 spriggans (D)
  A spatial vortex (D)
  2 centaurs (D)
  An earth elemental (D)
  A necrophage (D)
  2 brain worms (D)
  A water elemental (D)
  32 killer bees (D)
  A jelly (D)
  A necromancer (D)
  A wizard (D)
  3 humans (D)
  A kobold demonologist (D)
  3 adders (D)
  An ooze (D)
  A phantom (D)
  3 rats (D)
83 creatures vanquished.

Vanquished Creatures (collateral kills)
  A deep elf priest (D)
1 creature vanquished.

Vanquished Creatures (others)
  2 draconian scorchers (D)
  2 yaktaurs (D)
  An electric eel (D)
5 creatures vanquished.

Grand Total: 89 creatures vanquished

Notes
Turn   | Place    | Note
--------------------------------------------------------------
     0 | D        | Kidiri the Spriggan Enchanter began the quest for the Orb.
     0 | D        | Reached XP level 1. HP: 9/9 MP: 5/5
    35 | D        | Killed a yaktaur
    82 | D        | Reached skill level 5 in Stealth
    82 | D        | Reached XP level 2. HP: 7/13 MP: 5/7
    86 | D        | Learned a level 2 spell: Ensorcelled Hibernation
   224 | D        | Killed a white draconian scorcher
   241 | D        | Reached XP level 3. HP: 16/16 MP: 2/9
   260 | D        | Killed a white draconian scorcher
   266 | D        | Learned a level 3 spell: Confuse
   270 | D        | Learned a level 3 spell: Tukima's Dance
   271 | D        | Gained mutation: You are surrounded by a mild repulsion field (EV +2). [potion of mutation]
   271 | D        | Gained mutation: You are partially covered in icy blue scales (AC +1). [potion of mutation]
   271 | D        | Gained mutation: Your body sometimes deteriorates upon taking damage. [potion of mutation]
   272 | D        | Gained mutation: You are agile. (Dex +2) [potion of mutation]
   272 | D        | Gained mutation: Your spells are a little easier to cast, but a little less powerful. [potion of mutation]
   272 | D        | Lost mutation: Your spells are a little easier to cast, but a little less powerful. [potion of mutation]
   310 | D        | Noticed a water elemental
   312 | D        | Killed a water elemental
   312 | D        | Reached skill level 6 in Dodging
   312 | D        | Reached skill level 7 in Stealth
   312 | D        | Reached skill level 5 in Spellcasting
   312 | D        | Reached skill level 1 in Ice Magic
   312 | D        | Reached XP level 4. HP: 21/21 MP: 10/12
   331 | D        | Noticed a jelly
   332 | D        | Noticed a shadow
   532 | D        | Learned a level 3 spell: Dazzling Spray
   539 | D        | Killed a shadow
   539 | D        | Reached skill level 5 in Short Blades
   539 | D        | Reached skill level 8 in Dodging
   539 | D        | Reached skill level 9 in Stealth
   539 | D        | Reached skill level 1 in Conjurations
   539 | D        | Reached skill level 5 in Hexes
   539 | D        | Reached XP level 5. HP: 24/24 MP: 6/15
   601 | D        | Killed an electric eel
   722 | D        | Killed a jelly
   722 | D        | Reached XP level 6. HP: 18/28 MP: 13/17
   836 | D        | Found a stormy altar of Qazlal.
   837 | D        | Found a sacrificial altar of Ru.
   837 | D        | Found a burning altar of Makhleb.
   837 | D        | Found a viscous altar of Jiyva.
   837 | D        | Found a shimmering altar of Xom.
   837 | D        | Found a shadowy altar of Dithmenos.
   837 | D        | Found a sparkling altar of Nemelex Xobeh.
   837 | D        | Found a corrupted altar of Lugonu.
   837 | D        | Found an opulent altar of Gozag.
   837 | D        | Noticed a spatial vortex
   841 | D        | Became a worshipper of Dithmenos the Shadowed
   842 | D        | Killed a spatial vortex
   842 | D        | Reached skill level 10 in Stealth
   842 | D        | Reached skill level 1 in Invocations
   867 | D        | Found a radiant altar of Vehumet.
   868 | D        | Found a deep blue altar of Sif Muna.
   868 | D        | Found an ancient bone altar of Kikubaaqudgha.
   868 | D        | Noticed a wizard
   869 | D        | Killed a wizard
   892 | D        | Learned a level 2 spell: Slow
   896 | D        | Learned a level 3 spell: Gell's Gravitas
   902 | D        | Found a glowing silver altar of Zin.
   902 | D        | Found a glowing golden altar of the Shining One.
   902 | D        | Found a white marble altar of Elyvilon.
   903 | D        | Noticed a deep elf priest
   922 | D        | Killed a deep elf priest
   922 | D        | Reached skill level 10 in Dodging
   922 | D        | Reached skill level 11 in Stealth
   922 | D        | Reached XP level 7. HP: 5/32 MP: 12/19
  1104 | D        | Killed a yaktaur
  1192 | D        | Learned a level 4 spell: Cause Fear
  1221 | D        | Found an iron altar of Okawaru.
  1222 | D        | Found a bloodstained altar of Trog.
  1222 | D        | Noticed a human
  1222 | D        | Noticed a human
  1224 | D        | Killed a human
  1225 | D        | Killed a human
  1242 | D        | Found a basalt altar of Yredelemnul.
  1242 | D        | Found a snail-covered altar of Cheibriados.
  1242 | D        | Found a blossoming altar of Fedhas.
  1242 | D        | Noticed a necrophage
  1242 | D        | Noticed a necromancer
  1244 | D        | Killed a necrophage
  1245 | D        | Killed a necromancer
  1245 | D        | Acquired Dithmenos's first power
  1245 | D        | Reached XP level 8. HP: 36/36 MP: 22/22
  1266 | D        | Noticed Josephine
  1269 | D        | Killed Josephine
  1269 | D        | Reached skill level 12 in Dodging
  1269 | D        | Reached skill level 13 in Stealth
  1269 | D        | Reached skill level 10 in Spellcasting
  1269 | D        | Reached skill level 5 in Translocations
  1275 | D        | Noticed an earth elemental
  1278 | D        | Killed an earth elemental
  1283 | D        | Noticed a centaur
  1284 | D        | Noticed a centaur
  1286 | D        | Noticed a centaur warrior
  1295 | D        | Killed a centaur
  1305 | D        | Killed a centaur
  1309 | D        | Killed a centaur warrior
  1309 | D        | Acquired Dithmenos's second power
  1309 | D        | Reached skill level 10 in Short Blades
  1309 | D        | Reached skill level 14 in Stealth
  1309 | D        | Reached skill level 5 in Ice Magic
  1309 | D        | Reached XP level 9. HP: 15/39 MP: 1/25
  1536 | D        | Noticed an unseen horror
  1536 | D        | Noticed an unseen horror
  1537 | D        | Killed an unseen horror
  1539 | D        | Killed an unseen horror
  1549 | D        | Noticed a killer bee
  1549 | D        | Noticed a killer bee
  1549 | D        | Noticed a killer bee
  1549 | D        | Noticed a killer bee
  1549 | D        | Noticed a killer bee
  1549 | D        | Noticed a killer bee
  1549 | D        | Noticed a killer bee
  1549 | D        | Noticed a killer bee
  1549 | D        | Noticed a killer bee
  1549 | D        | Noticed a killer bee
  1549 | D        | Noticed a killer bee
  1549 | D        | Noticed a killer bee
  1549 | D        | Noticed a killer bee
  1549 | D        | Noticed a killer bee
  1549 | D        | Noticed a killer bee
  1550 | D        | Noticed a killer bee
  1550 | D        | Noticed a killer bee
  1550 | D        | Noticed a killer bee
  1550 | D        | Noticed a killer bee
  1550 | D        | Noticed a killer bee
  1550 | D        | Noticed a killer bee
  1550 | D        | Noticed a queen bee
  1550 | D        | Noticed a killer bee
  1550 | D        | Noticed a killer bee
  1550 | D        | Noticed a killer bee
  1550 | D        | Noticed a killer bee
  1550 | D        | Noticed a killer bee
  1550 | D        | Noticed a killer bee
  1550 | D        | Noticed a killer bee
  1550 | D        | Noticed a killer bee
  1550 | D        | Noticed a killer bee
  1550 | D        | Noticed a killer bee
  1550 | D        | Noticed a killer bee
  1553 | D        | Killed a killer bee
  1555 | D        | Killed a killer bee
  1559 | D        | Killed a killer bee
  1559 | D        | Acquired Dithmenos's third power
  1561 | D        | Killed a killer bee
  1563 | D        | Killed a killer bee
  1565 | D        | Killed a killer bee
  1569 | D        | Killed a killer bee
  1569 | D        | Reached skill level 15 in Stealth
  1571 | D        | Killed a killer bee
  1571 | D        | Acquired Dithmenos's fourth power
  1571 | D        | Reached XP level 10. HP: 44/44 MP: 7/26
  1575 | D        | Killed a killer bee
  1711 | D        | Killed a killer bee
  1715 | D        | Killed a killer bee
  1717 | D        | Killed a killer bee
  1719 | D        | Killed a killer bee
  1721 | D        | Killed a killer bee
  1723 | D        | Killed a killer bee
  1728 | D        | Killed a killer bee
  1732 | D        | Killed a killer bee
  1863 | D        | Killed a killer bee
  1864 | D        | Killed a killer bee
  1867 | D        | Killed a killer bee
  1869 | D        | Killed a killer bee
  1871 | D        | Killed a killer bee
  1873 | D        | Killed a killer bee
  1875 | D        | Killed a killer bee
  1875 | D        | Reached skill level 5 in Conjurations
  1877 | D        | Killed a killer bee
  1879 | D        | Killed a killer bee
  1882 | D        | Killed a killer bee
  1884 | D        | Killed a killer bee
  1886 | D        | Killed a killer bee
  1888 | D        | Killed a killer bee
  1890 | D        | Killed a killer bee
  1892 | D        | Killed a killer bee
  1895 | D        | Killed a queen bee
  2095 | D        | Noticed a wandering mushroom
  2096 | D        | Noticed a wandering mushroom
  2096 | D        | Noticed a wandering mushroom
  2097 | D        | Killed a wandering mushroom
  2101 | D        | Killed a wandering mushroom
  2105 | D        | Killed a wandering mushroom
  2183 | D        | Noticed a spiny frog
  2183 | D        | Noticed a komodo dragon
  2183 | D        | Noticed a spiny frog
  2187 | D        | Killed a spiny frog
  2187 | D        | Reached skill level 16 in Stealth
  2190 | D        | Killed a spiny frog
  2190 | D        | Reached skill level 15 in Dodging
  2190 | D        | Reached skill level 10 in Hexes
  2192 | D        | Killed a komodo dragon
  2215 | D        | Noticed a redback
  2217 | D        | Killed a redback
  2218 | D        | Noticed a brain worm
  2221 | D        | Killed a brain worm
  2227 | D        | Noticed a brain worm
  2229 | D        | Killed a brain worm
  2235 | D        | Noticed a lindwurm
  2237 | D        | Noticed a redback
  2238 | D        | Killed a lindwurm
  2240 | D        | Killed a redback
  2244 | D        | Noticed a redback
  2245 | D        | Killed a redback
  2246 | D        | Noticed Maud
  2248 | D        | Killed Maud
  2248 | D        | Reached skill level 17 in Stealth
  2248 | D        | Reached XP level 11. HP: 47/47 MP: 29/29
  2344 | D        | Noticed a six-headed hydra
  2344 | D        | Noticed a four-headed hydra
  2346 | D        | Killed a six-headed hydra
  2347 | D        | Killed a four-headed hydra
  2347 | D        | Reached skill level 10 in Translocations
  2358 | D        | Noticed a death drake
  2361 | D        | Killed a death drake
  2370 | D        | Found a blossoming altar of Fedhas.
  2370 | D        | Noticed a spriggan
  2370 | D        | Noticed a spriggan druid
  2370 | D        | Noticed a spriggan
  2372 | D        | Killed a spriggan druid
  2373 | D        | Killed a spriggan
  2374 | D        | Killed a spriggan
  2409 | D        | Noticed an anaconda
  2409 | D        | Noticed a black mamba
  2410 | D        | Noticed a black mamba
  2411 | D        | Killed an anaconda
  2411 | D        | Reached skill level 18 in Stealth
  2413 | D        | Killed a black mamba
  2419 | D        | Killed a black mamba
  2422 | D        | Noticed a black mamba
  2425 | D        | Killed a black mamba
  2466 | D        | Noticed a black mamba
  2466 | D        | Noticed a black mamba
  2466 | D        | Noticed an anaconda
  2467 | D        | Killed a black mamba
  2469 | D        | Noticed a black mamba
  2480 | D        | HP: 1/47 [anaconda (3)]
  2481 | D        | Slain by an anaconda

Vault maps used:
D:        dungeon_sprint_mu

Action                   |  1- 3 |  4- 6 |  7- 9 | 10-12 || total
-------------------------+-------+-------+-------+-------++-------
Melee: Dagger            |    29 |    17 |    28 |    57 ||   131
 Cast: Ensorcelled Hiber |     2 |     3 |    15 |    40 ||    60
       Corona            |     1 |       |       |       ||     1
       Dazzling Spray    |       |     4 |     4 |     5 ||    13
       Tukima's Dance    |       |     4 |       |       ||     4
       Confuse           |       |       |     1 |       ||     1
Invok: Shadow Step       |       |       |       |     6 ||     6
  Use: Potion            |     2 |     4 |       |       ||     6
       Scroll            |     2 |       |       |     1 ||     3
 Stab: Sleeping          |     6 |     3 |    16 |    48 ||    73
       Invisible         |       |     1 |       |     2 ||     3
       Confused          |       |       |     2 |       ||     2
  Eat: Bread ration      |       |       |       |     1 ||     1
